[Event "*** MasterClass Titled Tuesday Blitz"]
[Site "Chess.com"]
[Date "2017.12.05"]
[Round "4"]
[White "indfraeng"]
[Black "hhbcd_grob_bes"]
[Result "1-0"]
[WhiteElo "1841"]
[BlackElo "1383"]
[TimeControl "180+2"]
[EndTime "15:02:40 PST"]
[Termination "indfraeng won by resignation"]

1. d4 Nf6 2. c4 c6 3. Nc3 d5 4. cxd5 Nxd5 5. e4 Nxc3 6. bxc3 e5 7. Nf3 Bg4 8. Be3 exd4 9. cxd4 Bb4+ 10. Bd2 Bxf3 11.
gxf3 Qxd4 12. Rb1 Bxd2+ 13. Qxd2 Qxd2+ 14. Kxd2 b6 15. Rg1 g6 16. Bc4 Nd7 17. Rbc1 Ne5 18. Be2 Rd8+ 19. Ke3 Ke7 20. f4 Nd7 21. Rxc6 Nc5 22. Rc7+ Rd7 23. Rxd7+ Kxd7 24. Rd1+ Ke6 25. Bc4+ Kf6 26. Rd5 Re8 27. f3 Kg7 28. a4 Rc8 29.
Ba2 Rc7 30. Rd4 h5 31. e5 Ne6 32. Bxe6 fxe6 33. Rd6 Kf7 34. Rd8 Rc4 35. Rd7+ Ke8 36. Rxa7 Rc3+ 37. Kf2 Rc2+ 38. Kg3 Rc4 39. Ra6 Kf7 40. Ra7+ Kg8 41. Re7 Rc6 42. Kh4 Kf8 43. Ra7 Rc3 44. Kg5 Rxf3 45. h4 Ke8 46. Rb7 Ra3 47.
Rxb6 Rxa4 48. Rxe6+ Kd7 49. Rxg6 Ke7 50. Rf6 Ke8 51. Kxh5 Ra7 52. Kg6 Ke7 53. h5 Ke8 54.
h6 1-0

[Event "*** MasterClass Titled Tuesday Blitz"]
[Site "Chess.com"]
[Date "2017.12.05"]
[Round "4"]
[White "GMMarcinDziuba"]
[Black "temiksmozg"]
[Result "0-1"]
[WhiteElo "2507"]
[BlackElo "2502"]
[TimeControl "180+2"]
[EndTime "15:02:45 PST"]
[Termination "temiksmozg won by resignation"]

1. d4 f5 2. Nc3 Nf6 3. Bg5 d5 4.
Nf3 e6 5. e3 a6 6. Bd3 c5 7. dxc5 Nc6 8. O-O Bxc5 9. Na4 Be7 10. Nd4 Bd7 11. c4 Nxd4 12. exd4 dxc4 13. Be2 Bxa4 14. Qxa4+ b5 15. Qc2 Nd5 16. Bxe7 Qxe7 17. Bf3 Rd8 18. Rfe1 O-O 19. Re5 Nf4 20. d5 Qf6 21.
Ree1 exd5 22. b3 c3 23. g3 Ne6 24. Bg2 d4 25. b4 Kh8 26. Rad1 g6 27. Qb3 Ng5 28. Rd3 Rd6 29. f3 Rfd8 30. h4 Nf7 31. f4 Nh6 32. Qd1 Ng4 33. Bf3 Ne3 34. Qb3 Nc4 35. Kf2 Nb2 36. Qc2 Nxd3+ 37. Qxd3 Re6 38. h5 Rxe1 39. Kxe1 Qe6+ 40. Be2 Qe4 0-1

[Event "*** MasterClass Titled Tuesday Blitz"]
[Site "Chess.com"]
[Date "2017.12.05"]
[Round "4"]
[White "pKiLz5Rn9b"]
[Black "Zenzo"]
[Result "1-0"]
[WhiteElo "2645"]
[BlackElo "2489"]
[TimeControl "180+2"]
[EndTime "15:02:47 PST"]
[Termination "pKiLz5Rn9b won by checkmate"]

1. b3 Nf6 2. Bb2 b5 3. Nf3 Bb7 4. e3 a6 5. d4 e6 6. Bd3 c5 7. O-O cxd4 8. exd4 Be7 9. c4 bxc4 10. bxc4 O-O 11.
Nc3 Nc6 12. d5 Nb4 13. Be2 exd5 14. a3 d4 15. Nxd4 Nc6 16. Nf5 Bc5 17. Nd5 Ne8 18.
Bd3 Qg5 19. h4 Qg6 20. Nxg7 Nxg7 21. Bxg6 fxg6 22. Nf6+ Kh8 23. Qxd7 Nd8 24. Ne8 Rf7 25. Bxg7+ Kg8 26. Qd3 Ne6 27. Bc3 Nf4 28. Qd2 Rxe8 29.
Rae1 Ref8 30. Bd4 Bxa3 31. f3 Nh5 32. c5 Rc8 33. Qa5 Rd7 34. Rd1 Rxd4 35. Qxa3 Rc4 36. Qb3 Rxc5 37. Qxb7 Nf4 38. Rd8# 1-0

[Event "*** MasterClass Titled Tuesday Blitz"]
[Site "Chess.com"]
[Date "2017.12.05"]
[Round "4"]
[White "Vamostodorecto"]
[Black "PenguinPacks"]
[Result "0-1"]
[WhiteElo "2319"]
[BlackElo "2269"]
[TimeControl "180+2"]
[EndTime "15:02:49 PST"]
[Termination "PenguinPacks won by resignation"]

1. c4 e6 2. Nc3 d5 3. cxd5 exd5 4. Nf3 Nf6 5. d4 Be7 6. e3 c6 7. Bd3 O-O 8. O-O Nbd7 9. Ne5 Bd6 10. f4 Qe7 11. Qf3 Re8 12. Bd2 Nf8 13. h3 Ng6 14. g4 a5 15. Rf2 Bxe5 16. fxe5 Nd7 17. Raf1 f6 18. exf6 Nxf6 19. Bxg6 hxg6 20. Re1 Ne4 21. Nxe4 dxe4 22. Qg3 g5 23. Bc3 Be6 24. b3 a4 25.
Qe5 axb3 26. axb3 Bxb3 27. Qf5 Bd5 28. Ref1 Ra3 29. Be1 Rxe3 30. Bd2 Rf3 31. Bxg5 Rxf5 32. Bxe7 Rxf2 33. Kxf2 Rxe7 34. Ke3 Rf7 35. Rxf7 Kxf7 36.
h4 g5 37. hxg5 Kg6 38. Kf4 b5 0-1

[Event "*** MasterClass Titled Tuesday Blitz"]
[Site "Chess.com"]
[Date "2017.12.05"]
[Round "4"]
[White "beza2009"]
[Black "NICOLASXD117"]
[Result "0-1"]
[WhiteElo "623"]
[BlackElo "1124"]
[TimeControl "180+2"]
[EndTime "15:02:52 PST"]
[Termination "NICOLASXD117 won on time"]

1. Nf3 g6 2. Nc3 Bg7 3. d4 Nf6 4. e3 d6 5. h3 e6 6. Bd3 d5 7. O-O O-O 8. e4 dxe4 9. Nxe4 Nxe4 10. Bxe4 c6 11. c3 Nd7 12. Bg5 f6 13. Bh4 e5 14.
dxe5 Nxe5 15. Qb3+ Kh8 16. Nxe5 Qe8 17. Ng4 Qxe4 18.
Rae1 Qd5 19. Qxd5 cxd5 20. Bg3 Bxg4 21. hxg4 Rfe8 22. Rd1 Re2 23. Rxd5 Rxb2 24. Rd7 b6 25. Rfd1 Kg8 26. Bd6 h5 27. g5 fxg5 28. c4 Rc2 29. f4 gxf4 30. Bxf4 Rxc4 31. Rd8+ Rxd8 32. Rxd8+ Kh7 33.
Bb8 a5 34. Rd5 Ra4 0-1

[Event "*** MasterClass Titled Tuesday Blitz"]
[Site "Chess.com"]
[Date "2017.12.05"]
[Round "4"]
[White "gmjoey1"]
[Black "TheBigBoss04"]
[Result "1-0"]
[WhiteElo "2499"]
[BlackElo "2506"]
[TimeControl "180+2"]
[EndTime "15:02:56 PST"]
[Termination "gmjoey1 won by resignation"]

1. Nc3 c6 2. Nf3 d5 3. e4 Bg4 4.
h3 Bxf3 5. Qxf3 d4 6. Ne2 e5 7.
Ng3 Nf6 8. Bc4 a5 9. a4 g6 10. b3 Bg7 11. Ba3 Bf8 12. Bb2 Bg7 13. c3 c5 14.
cxd4 cxd4 15. h4 h5 16. Rc1 Nc6 17. O-O O-O 18. Ba3 Nb4 19. d3 Kh7 20. Ne2 Bh6 21. Bxb4 axb4 22. Rc2 Ng4 23. g3 Rc8 24. Kg2 Rc7 25.
Ng1 f5 26. exf5 Rxf5 27. Qe4 Nf6 28. Qe1 Nd5 29. Nh3 Qa8 30. Bxd5 Rxc2 31. Qxb4 Bd2 32. Qxb7+ Qxb7 33. Bxb7 Rb2 34. Bd5 Kg7 35. Ng1 Rf8 36.
Nf3 Kf6 37. Bc4 Bc3 38. Ng5 Ke7 39. Ne4 Bb4 40. Rd1 Bc3 41. Rc1 Bd2 42. Ra1 Ba5 43. Rf1 Bb4 44. Ng5 Rf6 45. Nf3 Kd6 46. Ng5 Ke7 47. a5 Bxa5 48. Ne4 Rf8 49. Ra1 Bc3 50. Ra7+ Kd8 51. Be6 Be1 52. Rd7+ 1-0

[Event "*** MasterClass Titled Tuesday Blitz"]
[Site "Chess.com"]
[Date "2017.12.05"]
[Round "4"]
[White "Hunninn"]
[Black "Gattass"]
[Result "0-1"]
[WhiteElo "2367"]
[BlackElo "2110"]
[TimeControl "180+2"]
[EndTime "15:03:00 PST"]
[Termination "Gattass won by resignation"]

1. d4 d5 2. Nf3 c6 3. Bg5 Qb6 4. Qc1 f6 5. Bf4 c5 6. e3 Nc6 7. c4 dxc4 8. d5 Na5 9. Nbd2 g5 10. Bg3 h5 11. h4 g4 12. Ng1 Nh6 13. Bxc4 Nf5 14.
Ne2 Nxg3 15. Nxg3 Nxc4 16. Qxc4 Bd7 17. O-O Bb5 18. Qc2 Bxf1 19. Qg6+ Kd8 20. Rxf1 Qxb2 21. Nde4 Rc8 22. d6 exd6 23. Rd1 Qe5 24. Nxf6 Rh6 25.
Qb1 Rxf6 26. Qxb7 Qe7 27. Qd5 Qf7 28. Qd2 c4 29. Ne4 Rg6 30. Qa5+ Rc7 31. Nc3 Kd7 32.
Qb5+ Kd8 33. Nd5 Qd7 34. Qa5 Re6 35. Rd4 Re5 36. e4 Rxd5 37. exd5 c3 38. Rc4 Bg7 39.
Rc6 Kc8 40. Qa6+ Kb8 41. Rxd6 c2 42. Rxd7 c1=Q+ 43. Kh2 Be5+ 44. g3 Rxd7 45. Qb5+ Kc8 46. Qa6+ Kd8 47. Qe6 Qc3 48. d6 Bxd6 49. Qf6+ Qxf6 0-1

[Event "*** MasterClass Titled Tuesday Blitz"]
[Site "Chess.com"]
[Date "2017.12.05"]
[Round "4"]
[White "Vojtastr"]
[Black "MRniceplay"]
[Result "1-0"]
[WhiteElo "2395"]
[BlackElo "2249"]
[TimeControl "180+2"]
[EndTime "15:03:01 PST"]
[Termination "Vojtastr won by resignation"]

1. d4 Nf6 2. Nf3 g6 3. c4 Bg7 4. Nc3 d5 5. cxd5 Nxd5 6. e4 Nxc3 7. bxc3 c5 8. h3 O-O 9. Be2 b6 10. O-O Bb7 11. Qd3 Qc7 12. Be3 Nd7 13. Nd2 Rad8 14. Rac1 Qb8 15. f4 f5 16. exf5 gxf5 17. Nf3 Qd6 18.
Qb1 Qg6 19. Rf2 Bf6 20. dxc5 Nxc5 21. Bxc5 Bxf3 22. Bxf3 bxc5 23. Re2 e5 24. fxe5 Bg5 25. Rce1 Bf4 26. e6 Rfe8 27. e7 Rd6 28. Qb5 Kf7 29.
Qxc5 Rf6 30. Qc4+ Kg7 31. Qxf4 h6 32. Qh4 Qg5 33. Qxg5+ hxg5 34. Bh5 Rxe7 35. Rxe7+ Kh6 36. Bf3 g4 37. hxg4 fxg4 38. R1e6 Kg5 39. Rxf6 Kxf6 40. Rxa7 gxf3 41. gxf3 Ke5 42. Ra4 Kd5 43. Kf2 Ke5 44. Ke3 Kd5 45. f4 Kc5 46. Rd4 1-0

[Event "*** MasterClass Titled Tuesday Blitz"]
[Site "Chess.com"]
[Date "2017.12.05"]
[Round "4"]
[White "pi_mal_auge"]
[Black "ZalupiNputiN"]
[Result "0-1"]
[WhiteElo "1614"]
[BlackElo "2054"]
[TimeControl "180+2"]
[EndTime "15:03:05 PST"]
[Termination "ZalupiNputiN won by resignation"]

1. c4 Nf6 2. g3 h5 3. h4 e5 4.
Bg2 d5 5. cxd5 c6 6. e4 Bc5 7.
Nc3 Qb6 8. Qe2 Bg4 9. f3 Bxg1 10.
fxg4 Nxg4 11. Bf3 Bf2+ 12. Kd1 Bxg3 13. Bxg4 hxg4 14. Qxg4 Qf2 15. h5 Nd7 16. Kc2 O-O-O 17. Kb3 Kb8 18. d3 Nc5+ 19. Ka3 Nxd3 20. Rh3 Qc5+ 21.
Kb3 Qb6+ 22. Kc2 Ne1+ 23. Kb1 Qf2 24. a3 Qc2+ 25. Ka2 Bf2 26. Rh2 Nd3 27. Qd1 Qxd1 28.
Nxd1 Bd4 29. Nc3 Bxc3 30. bxc3 cxd5 31. exd5 Rxd5 32. Rb1 Rc5 33. Bd2 b6 34. Rg1 Rh7 35.
h6 g6 36. Rf1 Rc4 37. Kb3 Rc8 38. Rf6 Nc5+ 39. Kc2 Ne4 40. Be3 Nxf6 0-1

[Event "*** MasterClass Titled Tuesday Blitz"]
[Site "Chess.com"]
[Date "2017.12.05"]
[Round "4"]
[White "Jumbo"]
[Black "Bryakin_Mikhail"]
[Result "1-0"]
[WhiteElo "2485"]
[BlackElo "2556"]
[TimeControl "180+2"]
[EndTime "15:03:07 PST"]
[Termination "Jumbo won by resignation"]

1. Nf3 d5 2. g3 c6 3. Bg2 Bf5 4. O-O Nf6 5. b3 e6 6. Bb2 h6 7. c4 Nbd7 8. Nc3 Be7 9. d3 O-O 10. Qc2 Bh7 11. Rad1 a5 12. e4 Rc8 13. Qe2 Nb6 14.
e5 Nfd7 15. d4 Na8 16. Ne1 Nc7 17. f4 Rb8 18. g4 b5 19. c5 b4 20. Na4 Nb5 21.
f5 Bg5 22. Bh3 Qe7 23. Nf3 Rbe8 24. Nxg5 hxg5 25. f6 gxf6 26. Nb6 Nxb6 27. exf6 Qc7 28. cxb6 Qxb6 29. Qe5 Kh8 30. Qxg5 Rg8 31. Qh4 Rg6 32. Bg2 Reg8 33. h3 c5 34. dxc5 Qxc5+ 35. Qf2 Qxf2+ 36. Rxf2 Nc3 37. Rd3 Rc8 38. Rg3 Nd1 39.
Bd4 Nxf2 40. Kxf2 Rc2+ 41. Ke1 Rxa2 42. g5 Rg8 43. Bf3 Rc8 44. Bd1 Rc1 45. g6 Bg8 46. Rg4 Raa1 47. Bxa1 Rxa1 48. Rh4+ Bh7 49. gxf7 1-0

[Event "*** MasterClass Titled Tuesday Blitz"]
[Site "Chess.com"]
[Date "2017.12.05"]
[Round "4"]
[White "VeryAnonymousPatzer"]
[Black "VampirePrincessMiu"]
[Result "1-0"]
[WhiteElo "1134"]
[BlackElo "993"]
[TimeControl "180+2"]
[EndTime "15:03:08 PST"]
[Termination "VeryAnonymousPatzer won on time"]

1. e4 d6 2. d4 c6 3. Nf3 Nd7 4. c4 Qc7 5. Nc3 e5 6. d5 Ngf6 7. Bg5 Be7 8. g3 h6 9. Be3 g5 10. Bg2 Nf8 11. Qd2 g4 12. Ng1 h5 13. Nge2 Ng6 14. Bg5 Nh7 15. Be3 h4 16. f4 hxg3 17.
hxg3 exf4 18. Nxf4 Ne5 19. Bd4 Nxc4 20. Qe2 Ne5 21.
Nd3 f6 22. Nxe5 fxe5 23. Be3 Bd7 24. Rh2 O-O-O 25. Rh1 Ng5 26. Qd2 Nf3+ 27. Bxf3 gxf3 28. Rf1 Rdf8 29. Qf2 Bg4 30. Bd2 Qb6 31. Na4 Qb5 32. b3 Qe2+ 33. Qxe2 fxe2 34. Rxf8+ Rxf8 35. Bh6 Rf1+ 36. Kd2 cxd5 37. Rc1+ 1-0

[Event "*** MasterClass Titled Tuesday Blitz"]
[Site "Chess.com"]
[Date "2017.12.05"]
[Round "4"]
[White "LuisFSiles"]
[Black "1random"]
[Result "1-0"]
[WhiteElo "2235"]
[BlackElo "2187"]
[TimeControl "180+2"]
[EndTime "15:03:09 PST"]
[Termination "LuisFSiles won by checkmate"]

1. e4 d5 2. exd5 Nf6 3. Bb5+ Nbd7 4. c4 a6 5. Bxd7+ Qxd7 6. d4 b5 7. cxb5 axb5 8. Nf3 Nxd5 9. O-O e6 10. Ne5 Qd6 11. Nd2 Be7 12. Ne4 Qb6 13. Re1 O-O 14. Nc3 Bb7 15.
Nxd5 Bxd5 16. Nd7 Qb7 17. Nxf8 Bxf8 18. f3 g6 19. Be3 Bg7 20. a3 c6 21. Rc1 h5 22.
Bf4 b4 23. a4 b3 24. Ra1 Qb4 25. Be5 Rxa4 26. Bxg7 Kxg7 27. Rxa4 Qxa4 28. Qd2 Qc4 29. Rc1 Qa4 30. h4 e5 31. dxe5 Qxh4 32. Qc3 Kh7 33. Qe3 Qe7 34. Re1 Qe6 35. Kf2 Qf5 36. Rh1 Kg8 37.
Qc3 Qe6 38. Ra1 Kh7 39. Ra8 Kg7 40. Qd4 Kh7 41. Qf4 Kg7 42. Qg5 Qd7 43. g4 Qc7 44. Qf6+ Kh6 45. Rh8# 1-0

[Event "*** MasterClass Titled Tuesday Blitz"]
[Site "Chess.com"]
[Date "2017.12.05"]
[Round "4"]
[White "StellarChessPro"]
[Black "Kaphrep"]
[Result "1-0"]
[WhiteElo "2324"]
[BlackElo "2576"]
[TimeControl "180+2"]
[EndTime "15:03:11 PST"]
[Termination "StellarChessPro won by resignation"]

1. d4 d5 2. c4 e6 3. Nf3 Nf6 4. Nc3 Nbd7 5. Bf4 dxc4 6. e3 Nb6 7. a4 a5 8. Be2 Bb4 9. O-O O-O 10. Ne5 Nfd5 11.
Nxd5 exd5 12. Qc2 f6 13. Nf3 Bd6 14. Bg3 Bxg3 15. hxg3 c6 16. Nd2 f5 17. Rfb1 Nd7 18. Bf3 Nf6 19. b3 cxb3 20. Nxb3 Ne4 21. Nc5 Nxc5 22.
Qxc5 Rf7 23. Rc1 Qe7 24. Qc3 Qd6 25. Rab1 Be6 26. Rb2 Rc7 27. Be2 g6 28. Rcc2 h5 29. Rc1 Kg7 30. Rcb1 Qe7 31. Rb6 Bc8 32. R1b3 h4 33.
gxh4 Qxh4 34. g3 Qf6 35. Kg2 Re7 36. Rb1 g5 37. Rh1 Be6 38. Qb2 Bc8 39. Bd3 Qd6 40.
Qc1 Be6 41. Qd1 Bf7 42. Bxf5 Rh8 43. Rxh8 Kxh8 44. Qg4 Qh6 45. Rb1 Bh5 46. Rh1 Bxg4 47. Rxh6+ Kg7 48. Rh7+ Kf6 49. Rxe7 Kxe7 50. Bxg4 b5 51.
axb5 cxb5 52. Be2 b4 53. Bb5 b3 54. Ba4 b2 55. Bc2 a4 56. Bb1 Kd6 57. f4 gxf4 58.
exf4 Kc6 59. f5 Kb5 60. f6 Kb4 61. f7 a3 62. f8=Q+ Kb3 63. Qc5 a2 64. Qxd5+ 1-0

[Event "*** MasterClass Titled Tuesday Blitz"]
[Site "Chess.com"]
[Date "2017.12.05"]
[Round "4"]
[White "maciek_92"]
[Black "FMJoseHerrera"]
[Result "1-0"]
[WhiteElo "2580"]
[BlackElo "2439"]
[TimeControl "180+2"]
[EndTime "15:03:14 PST"]
[Termination "maciek_92 won on time"]

1. c4 Nf6 2. Nc3 c5 3. g3 h5 4. Nf3 b6 5. Bg2 Bb7 6. d4 cxd4 7. Qxd4 h4 8. O-O hxg3 9. fxg3 e6 10. e3 a6 11. a3 Qc7 12. b4 d6 13. Bb2 Nbd7 14. Rac1 Rc8 15. Qd2 Be7 16. Ng5 Ne5 17. Nce4 Rh6 18.
Nxd6+ Bxd6 19. Bxb7 Rd8 20. Qg2 Neg4 21. Qc6+ Qxc6 22.
Bxc6+ Ke7 23. c5 bxc5 24. bxc5 Bc7 25. Nf3 Nxe3 26. Rfe1 Nf5 27. Rcd1 Rb8 28. Re2 Kf8 29. Be5 Bxe5 30. Nxe5 Rc8 31. Rd3 Ne7 32. Bb7 Rb8 33.
c6 Ne8 34. Nd7+ Kg8 35. Nxb8 Nc7 36. Rd7 Ned5 37. Nxa6 Nxa6 38. Bxa6 Rf6 39. Rxd5 exd5 40. c7 1-0

[Event "*** MasterClass Titled Tuesday Blitz"]
[Site "Chess.com"]
[Date "2017.12.05"]
[Round "4"]
[White "LawrenceTrent"]
[Black "HarutyunianTigranK"]
[Result "0-1"]
[WhiteElo "2386"]
[BlackElo "2543"]
[TimeControl "180+2"]
[EndTime "15:03:15 PST"]
[Termination "HarutyunianTigranK won by resignation"]

1. d4 Nf6 2. Bg5 Ne4 3. Bf4 d5 4. e3 e6 5. Nd2 Nxd2 6. Qxd2 Bd6 7. Nf3 O-O 8. c3 b6 9. Bg3 Ba6 10. Bxa6 Nxa6 11. O-O c5 12. a4 Bxg3 13. hxg3 Nc7 14. a5 Nb5 15. Qd3 Nd6 16. Ne5 c4 17. Qc2 bxa5 18. Ra2 f6 19. Nf3 Rb8 20. Rfa1 Rb5 21.
Ra3 Qb6 22. R1a2 Rb8 23. g4 Ne4 24. Nd2 Nxd2 25. Qxd2 Rxb2 26. Rxb2 Qxb2 27. Qxb2 Rxb2 28. Rxa5 Rb7 29. e4 dxe4 30. Rc5 Kf7 31. Rxc4 Kg6 32.
Rc5 Rb3 33. Kf1 a5 34. c4 Rb4 35. Ke2 a4 36. Ke3 f5 37. gxf5+ exf5 38. Kf4 a3 39. Rc6+ Kh5 40. Ra6 Rxc4 41. Ke5 Rc2 42. Rxa3 Rxf2 43.
d5 Kg4 44. Ra7 g5 45. Ra4 Rxg2 46. d6 Rb2 47. d7 Rb8 48. Ke6 h5 49. Ra5 Rd8 0-1

[Event "*** MasterClass Titled Tuesday Blitz"]
[Site "Chess.com"]
[Date "2017.12.05"]
[Round "4"]
[White "MateusViageiro"]
[Black "TijanaBlagojevic"]
[Result "0-1"]
[WhiteElo "2178"]
[BlackElo "2319"]
[TimeControl "180+2"]
[EndTime "15:03:20 PST"]
[Termination "TijanaBlagojevic won by checkmate"]

1. e4 e5 2. Nf3 Nc6 3. Bb5 Nf6 4. d3 Bc5 5. Qe2 Nd4 6. Nxd4 Bxd4 7. c3 Bb6 8. Bg5 h6 9. Bh4 c6 10. Bc4 Qe7 11.
Nd2 d6 12. O-O g5 13. Bg3 h5 14. h4 Ng4 15. Nf3 f6 16. a4 a5 17. d4 Bd7 18.
Rfe1 O-O-O 19. b4 Be6 20. d5 cxd5 21. exd5 Bf5 22. Rec1 Kb8 23. Ra2 Rc8 24. Rb2 Qc7 25. bxa5 Qxc4 26. Qxc4 Rxc4 27. Rxb6 Kc7 28. Rb4 Bd3 29.
hxg5 e4 30. Nd2 Rxb4 31. cxb4+ Kd7 32. gxf6 h4 33. Bf4 Nxf6 34. b5 Nxd5 35. Bh2 Rg8 36. Re1 h3 37. Bg3 hxg2 38. Nxe4 Re8 39. f3 Bf1 40.
Rd1 Rh8 41. Bh2 Ne3 42. Rxd6+ Ke7 43. Rb6 Nc4 44. Rxb7+ Ke6 45. a6 Rd8 46. Nf2 Nd2 47.
a7 Nxf3# 0-1

[Event "*** MasterClass Titled Tuesday Blitz"]
[Site "Chess.com"]
[Date "2017.12.05"]
[Round "4"]
[White "Saitama_Hero"]
[Black "B-man"]
[Result "1-0"]
[WhiteElo "2101"]
[BlackElo "2334"]
[TimeControl "180+2"]
[EndTime "15:03:22 PST"]
[Termination "Saitama_Hero won on time"]

1. d4 Nf6 2. c4 e6 3. Nc3 Bb4 4. f3 O-O 5. a3 Bxc3+ 6. bxc3 c5 7. e4 d5 8. cxd5 exd5 9. e5 Re8 10. Bd3 Nc6 11.
Ne2 Nd7 12. O-O Nf8 13. Be3 f6 14. f4 f5 15. dxc5 Be6 16. Rb1 Rb8 17. Nd4 g6 18. Nb5 a6 19. Nd6 Re7 20. Qa4 Bf7 21. Rb6 Rc7 22. Rfb1 Qe7 23. Bxa6 Nd8 24. Bb5 Nfe6 25. Qa7 Rbc8 26. Nxc8 Rxc8 27. c6 Rc7 28. cxb7 Nxb7 29. Qb8+ Kg7 30. Bf1 Nbc5 31. Qa8 Nd7 32. Rb7 Rxc3 33.
Bd2 Qc5+ 34. Kh1 Rc2 35. Rxd7 Rxd2 36. Qb7 Qf8 37. g3 d4 38. Bc4 1-0

[Event "*** MasterClass Titled Tuesday Blitz"]
[Site "Chess.com"]
[Date "2017.12.05"]
[Round "4"]
[White "igorkovalenko"]
[Black "EndgameGrinder"]
[Result "1-0"]
[WhiteElo "2716"]
[BlackElo "2427"]
[TimeControl "180+2"]
[EndTime "15:03:23 PST"]
[Termination "igorkovalenko won by resignation"]

1. e4 c5 2. Nf3 e6 3. g3 Nc6 4.
Bg2 Nf6 5. Qe2 Be7 6. O-O e5 7. Nc3 O-O 8. Nd5 d6 9. Nxe7+ Qxe7 10. c3 Bg4 11. h3 Bh5 12. d3 b5 13. Bg5 h6 14.
Be3 Bxf3 15. Bxf3 b4 16. Qc2 Rab8 17. Kh2 bxc3 18. bxc3 Rb6 19. Rfb1 Rfb8 20. Rb3 Na5 21. Ra3 Nc6 22. Qa4 R8b7 23. Rb3 Qc7 24. Rab1 Nd7 25. Bg4 Nf6 26. Bd1 Nd8 27. Kg2 Ne6 28. h4 Rxb3 29. Rxb3 Rxb3 30. axb3 Qd7 31. Qxd7 Nxd7 32. f4 Kf8 33. f5 Nc7 34. g4 Nb5 35. Bd2 Nb6 36. Kf3 f6 37. Ke3 Ke7 38. Be1 Nc7 39. Kd2 Nb5 40.
Kc2 Nc7 41. Be2 Kd7 42. Bf2 Kc6 43. Kb2 Nd7 44. Be3 Nb6 45. Bf3 Kd7 46. g5 hxg5 47. hxg5 a5 48. Bh5 a4 49. Bf7 axb3 50. Kxb3 Ke7 51. g6 Na6 52. Bd2 Nb8 53. Bc4 Nc6 54.
Bb5 Na5+ 55. Ka3 Nb7 56. c4 Kf8 57. Ba6 Nd8 58. Ba5 Nc6 59. Bxb6 Nb4 60. Bb7 Nxd3 61.
Ka4 Ke7 62. Kb5 Nb2 63. Bd5 Nd1 64. Kc6 Ne3 65. Kc7 Nc2 66. Kc8 Nd4 67. Bd8+ Ke8 68. Bf7+ Kf8 69. Kd7 Nc6 70. Kxc6 d5 71. Kd7 1-0

[Event "*** MasterClass Titled Tuesday Blitz"]
[Site "Chess.com"]
[Date "2017.12.05"]
[Round "4"]
[White "ChessQueen"]
[Black "kleinebeer98"]
[Result "1-0"]
[WhiteElo "2605"]
[BlackElo "2475"]
[TimeControl "180+2"]
[EndTime "15:03:25 PST"]
[Termination "ChessQueen won by resignation"]

1. e4 e5 2. Nf3 Nc6 3. Bc4 Nf6 4.
d3 h6 5. O-O d6 6. c3 g5 7. b4 a6 8. Qb3 Qe7 9. Re1 Bg7 10. a4 g4 11. Nfd2 Be6 12. Na3 h5 13.
Nf1 h4 14. Bg5 Rh5 15. Be3 Kf8 16. Qc2 Kg8 17. b5 axb5 18. axb5 Nd8 19. b6 c6 20. Bxe6 Nxe6 21. Nc4 Rxa1 22. Rxa1 d5 23. Ra8+ Kh7 24. exd5 Nxd5 25. d4+ e4 26. Qxe4+ f5 27. Qc2 Bf6 28.
Bc1 Kg7 29. Ba3 Qd7 30. Nfe3 Nef4 31. Nd6 Nxe3 32. fxe3 Nd5 33. Ne8+ Kg6 34. e4 Nf4 35. e5 Bh8 36. Nd6 Qe6 37. c4 g3 38. Re8 gxh2+ 39.
Kxh2 Qd7 40. Qf2 Ne6 41. Rg8+ Kh7 42. Rb8 f4 43. Rxb7 1-0

[Event "*** MasterClass Titled Tuesday Blitz"]
[Site "Chess.com"]
[Date "2017.12.05"]
[Round "4"]
[White "AndreyOstrovskiy"]
[Black "Al_Shima"]
[Result "1-0"]
[WhiteElo "2528"]
[BlackElo "2348"]
[TimeControl "180+2"]
[EndTime "15:03:31 PST"]
[Termination "AndreyOstrovskiy won by checkmate"]

1. e4 d5 2. exd5 Nf6 3. d4 Nxd5 4. c4 Nb6 5. Nf3 g6 6. Nc3 Bg7 7. c5 Nd5 8. Bc4 c6 9. h3 O-O 10. Qb3 e6 11. O-O b6 12. Ne4 Ba6 13. Bg5 f6 14. Be3 Bxc4 15. Qxc4 b5 16. Qb3 Na6 17. Nd6 Nac7 18.
a4 b4 19. a5 Rb8 20. Nd2 f5 21. f4 Ne8 22. N2c4 Nef6 23. Ne5 Qc7 24. Bd2 Ne8 25.
Rac1 Nef6 26. Qa4 Ne7 27. a6 Nfd5 28. g4 h5 29. gxh5 gxh5 30. Kh2 Kh7 31. Rg1 Bh6 32.
Qd1 Nxf4 33. Bxf4 Bxf4+ 34. Kh1 Ng8 35. Qxh5+ Nh6 36. Rg6 Rg8 37. Rcg1 Qe7 38. Ndf7 Qf8 39. Rxg8 Qxg8 40. Rxg8 Rxg8 41. Nxh6 Bxh6 42. Nf7 Rg7 43. Qxh6+ Kg8 44. Ng5 f4 45. Qxe6+ Kh8 46. Qe8+ Rg8 47. Qe7 Rg7 48. Qf8+ Rg8 49. Qh6# 1-0

[Event "*** MasterClass Titled Tuesday Blitz"]
[Site "Chess.com"]
[Date "2017.12.05"]
[Round "4"]
[White "nubair1198"]
[Black "GMBenjaminBok"]
[Result "1-0"]
[WhiteElo "2519"]
[BlackElo "2591"]
[TimeControl "180+2"]
[EndTime "15:03:33 PST"]
[Termination "nubair1198 won by resignation"]

1. Nf3 d5 2. d4 Nf6 3. c4 e6 4.
Nc3 c6 5. Bg5 h6 6. Bh4 dxc4 7. e4 g5 8. Bg3 b5 9. Be2 Bb7 10. O-O Nbd7 11. Ne5 Bg7 12. Nxd7 Nxd7 13. Bd6 Bf8 14. Bg3 Bg7 15. Bd6 Bf8 16. Bxf8 Rxf8 17. a4 a6 18. d5 Qb6 19. dxe6 fxe6 20. Qd6 O-O-O 21. Qxe6 Rf6 22. Qh3 Kb8 23. Rad1 Bc8 24. axb5 axb5 25. Bg4 Ne5 26. Qg3 Rf4 27. Bxc8 Rxc8 28.
Rd6 Qc5 29. Rfd1 Nd3 30. Rf6 Nxf2 31. Rxf4 Nxd1+ 32. Rf2+ Kb7 33. Nxd1 Rd8 34. Qf3 Rd2 35. h3 Qd4 36. Ne3 Rd3 37. Nf5 Qe5 38. Qe2 Kb6 39. Rf3 Rd7 40. b3 cxb3 41. Rxb3 Qa1+ 42. Kh2 Qe5+ 43.
Kg1 Qa1+ 44. Kf2 Rd1 45. e5 Qc1 46. Qe3+ Qxe3+ 47. Rxe3 1-0

[Event "*** MasterClass Titled Tuesday Blitz"]
[Site "Chess.com"]
[Date "2017.12.05"]
[Round "4"]
[White "NF31415926"]
[Black "michaelk123"]
[Result "0-1"]
[WhiteElo "2002"]
[BlackElo "2293"]
[TimeControl "180+2"]
[EndTime "15:03:35 PST"]
[Termination "michaelk123 won by resignation"]

1. e4 c6 2. d4 d5 3. exd5 cxd5 4. Nf3 Nc6 5. Bb5 Nf6 6. O-O Bg4 7. Bg5 e6 8. h3 Bxf3 9. Qxf3 Be7 10. c3 O-O 11. Nd2 Ne4 12. Bxe7 Nxd2 13. Qe2 Qxe7 14. Qxd2 Rac8 15.
f4 Qd6 16. Rf2 a6 17. Bd3 b5 18. a3 Na5 19. Re1 Nc4 20. Bxc4 bxc4 21. f5 Rfe8 22.
fxe6 Rxe6 23. Rxe6 Qxe6 24. Re2 Qd7 25. Qe3 f6 26.
Kf2 h5 27. Ke1 Qf5 28. Kd2 Rb8 29. Kc1 Qf1+ 30. Re1 Qxg2 31. Re2 Qf1+ 32. Re1 Qf5 33. Re2 Kh7 34. Re1 h4 35. Rg1 Rb6 36. Re1 a5 37. Rg1 a4 38. Qe2 Qf4+ 39. Kb1 Qf5+ 40. Ka2 Re6 41.
Qg2 g5 42. Rf1 Qe4 43. Qf2 Kg6 44. Rg1 Qe2 45. Rg2 Qxf2 46. Rxf2 Re3 47. Rh2 f5 48. Rh1 f4 49. Kb1 Re2 50. Kc1 Kf5 51. Kd1 f3 52.
Rf1 Kf4 53. b4 axb3 0-1

[Event "*** MasterClass Titled Tuesday Blitz"]
[Site "Chess.com"]
[Date "2017.12.05"]
[Round "4"]
[White "Sam_ChessMood"]
[Black "Rsnr"]
[Result "1/2-1/2"]
[WhiteElo "2626"]
[BlackElo "2637"]
[TimeControl "180+2"]
[EndTime "15:03:45 PST"]
[Termination "Game drawn by agreement"]

1. e4 c6 2. Nf3 d5 3. Nc3 Bg4 4. h3 Bh5 5. exd5 cxd5 6. g4 Bg6 7. Ne5 Nc6 8. d4 e6 9. h4 f6 10. Nxg6 hxg6 11. Bd3 Kf7 12. Ne2 Bd6 13. c3 Nge7 14.
h5 Qc7 15. Be3 gxh5 16. gxh5 Nf5 17. Bxf5 exf5 18. Qd2 Rae8 19. O-O-O Qe7 20. Rh4 Qe6 21. Qd3 Rh7 22. Rdh1 Reh8 23. Bf4 Be7 24. Ng3 Ne5 25. dxe5 fxe5 26. Nxf5 Bxh4 27. Rxh4 Rxh5 28. Rxh5 Rxh5 29. Nxg7 Kxg7 30. Bg3 Qh6+ 31. Kd1 Rh1+ 32. Kc2 Qe6 33. Qe3 Rh5 34. Qxa7 Qf5+ 35. Kb3 Qd7 36. Qe3 Qb5+ 37. Kc2 d4 38. cxd4 Qc4+ 39. Qc3 Qxd4 40. Qxd4 exd4 41. Kd3 Rd5 42. f3 Kf6 43. Bf2 Ke5 44. Bg3+ Kf5 45.
Bf2 Ke5 46. Bg3+ 1/2-1/2